 Dungeon Crawl Stone Soup version 0.23-a0-455-ge12115f (webtiles) character file.

218 suvakkihuora the Skirmisher (level 6, -2/51 HPs)
             Began as a Formicid Fighter on Nov 24, 2018.
             Slain by Edmund
             ... wielding a +1 flail of crushing
              (5 damage)
             ... on level 4 of the Dungeon.
             The game lasted 00:02:34 (646 turns).

suvakkihuora the Skirmisher (Formicid Fighter)       Turns: 646, Time: 00:02:35

Health: -2/51      AC:  6    Str: 23    XL:     6   Next: 17%
Magic:  6/6        EV:  8    Int:  7    God:
Gold:   46         SH:  9    Dex: 10    Spells: 5/5 levels left

rFire    . . .     SeeInvis +   d - +0 dire flail (crush)
rCold    . . .     Gourm    .   c - +0 shield
rNeg     . . .     Faith    .   b - +0 scale mail
rPois    .         Spirit   .   (helmet unavailable)
rElec    .         Reflect  .   (no cloak)
rCorr    .         Harm     .   (no gloves)
MR       .....                  (no boots)
Stlth    +.........             (no amulet)
HPRegen  0.17/turn              e - ring of flight
MPRegen  0.10/turn              g - ring of stealth

@: lethally poisoned (-2 -> -19)
A: permanent stasis, dig shafts and tunnels, four strong arms, antennae 3
a: Dig, Shaft Self, Evoke Flight


You were on level 4 of the Dungeon.
You were not hungry.

You visited 1 branch of the dungeon, and saw 5 of its levels.

You collected 46 gold pieces.

Inventory:

Hand Weapons
 a - a +0 flail
 d - a +0 dire flail of crushing (weapon)
Armour
 b - a +0 scale mail (worn)
 c - a +0 shield (worn)
Jewellery
 e - a ring of flight (left hand)
 g - a ring of stealth (right hand)
Scrolls
 k - a scroll of magic mapping {unknown}
 o - a scroll of identify {unknown}
 p - a scroll of remove curse
Potions
 h - a potion of lignification {unknown}
 i - a potion of mutation {unknown}
 j - 2 potions of curing {unknown}
 l - a potion of brilliance {unknown}
 m - a potion of heal wounds {unknown}
Comestibles
 f - 6 rations
 n - a chunk of flesh


   Skills:
 + Level 5.5 Fighting
 + Level 4.4 Maces & Flails
 - Level 3.2 Armour
 - Level 3.6 Shields


You had 5 spell levels left.
You didn't know any spells.
Your spell library was empty.

Dungeon Overview and Level Annotations

Branches:
Dungeon (5/15)
 Temple: D:4-7

Altars:

Annotations:
D:4 Edmund


Innate Abilities, Weirdness & Mutations

You cannot be hasted, slowed, berserked, paralysed or teleported.
You can dig through walls and to a lower floor.
Your four strong arms can wield two-handed weapons with a shield.
You have a pair of large antennae on your head. (SInv)


Message History

You puncture Edmund!
Edmund is almost dead.
* * * LOW HITPOINT WARNING * * *
You feel sick. The worker ant closely misses you.
Edmund hits you but does no damage. The worker ant bites you.
* * * LOW HITPOINT WARNING * * *
You are more poisoned.
The worker ant poisons you!
You hit Edmund but do no damage.
Edmund is almost dead.
* * * LOW HITPOINT WARNING * * *
You feel sick. Edmund hits you but does no damage.
You block the worker ant's attack.
You barely miss Edmund.
Edmund is almost dead.
* * * LOW HITPOINT WARNING * * *
You feel sick.
The worker ant bites you but does no damage.
Edmund hits you with a +1 flail of crushing.
You die...

<.........(.....# .
...............#...
##.................
.##.................#
........#..........##
...............##...##
#..........##### ...#
#............#.###..#
.##.....@.............#..
.......a@................
#......................#.
.#.............<........#
#.....................##
##.............)......$.
#............)[........
#.....................#
#.....>....##............


You could see Edmund and a worker ant.

Vanquished Creatures
  An orc warrior (D:3)
  A scorpion (D:5)
  A jelly (D:5)
  An adder (D:3)
  A worm (D:3)
  5 orcs
  A bat (D:3)
  A giant cockroach (D:2)
  2 goblins (D:3)
  3 hobgoblins
  A kobold (D:3)
  A quokka (D:2)
  2 frilled lizards (D:3)
  A leopard gecko skeleton (D:4)
  19 rats
41 creatures vanquished.

Notes
Turn   | Place    | Note
-------+----------+-------------------------------------------
     0 | D:1      | suvakkihuora the Formicid Fighter began the quest for the
                  | Orb.
     0 | D:1      | Reached XP level 1. HP: 18/18 MP: 1/1
    15 | D:1      | You fall through a shaft!
    66 | D:2      | Reached XP level 2. HP: 24/24 MP: 2/2
   218 | D:3      | Noticed an orc warrior
   221 | D:3      | Reached XP level 3. HP: 30/30 MP: 3/3
   242 | D:3      | Killed an orc warrior
   242 | D:3      | Reached skill level 4 in Fighting
   242 | D:3      | Reached XP level 4. HP: 5/38 MP: 4/4
   242 | D:3      | Reached XP level 5. HP: 6/43 MP: 5/5
   409 | D:3      | Reached skill level 5 in Fighting
   577 | D:5      | Entered Level 5 of the Dungeon
   612 | D:5      | Reached XP level 6. HP: 51/51 MP: 6/6
   616 | D:5      | Noticed Edmund
   646 | D:4      | Slain by Edmund

Vault maps used:
D:1:      lemuel_arrival_hallway, minmay_misc_feat_enclosed, minivault_24
D:2:      nicolae_overflow_hidden_temple, lemuel_round_altar, marbit_many_paths,
          minmay_rat_hole
D:3:      first_ration
D:4:      serial_shops, nicolae_shop_waterfront, shop,
          nicolae_shop_behind_doors, uniq_blork_the_orc, uniq_pikel
D:5:      makhleb_blood_cavern_becter, uniq_edmund

Skill      XL: |  1  2  3  4  5 |
---------------+----------------+-----
Fighting       | 4 5 |  5.5
Maces & Flails | 3 4 |  4.4
Armour         | |  3.2
Shields        | |  3.6

Action                   |  1- 3 |  4- 6 || total
-------------------------+-------+-------++-------
Melee: Flail             |    79 |     5 ||    84
       Dire flail        |       |    57 ||    57
 Abil: Dig               |     2 |       ||     2
       Shaft Self        |     1 |       ||     1
  Use: Potion            |     1 |       ||     1
       Scroll            |       |     2 ||     2
Armor: Scale mail        |    22 |    27 ||    49
Dodge: Dodged            |    20 |    22 ||    42
Block: Shield            |    45 |    49 ||    94

Table legend:
 A = Non-vault XP
 B = Vault XP
 C = Vault XP percentage of total XP
 D = Non-vault monster count
 E = Vault monster count
 F = Vault count percentage of total count
                 A         B        C        D         E       F
            +---------+---------+-------+---------+---------+-------
      Total |     293 |      19 |   6.1 |      23 |      18 |  43.9
            +---------+---------+-------+---------+---------+-------
        D:2 |       5 |      19 |  79.2 |       3 |      18 |  85.7
        D:3 |     170 |       0 |   0.0 |      14 |       0 |   0.0
        D:4 |      10 |       0 |   0.0 |       4 |       0 |   0.0
        D:5 |     108 |       0 |   0.0 |       2 |       0 |   0.0
            +---------+---------+-------+---------+---------+-------
